Map: Distant Plane

Players

Grumm

  • Race: Zerg Zerg
  • League: Gold

uelee

  • Race: Terran Terran
  • League: Gold

Judorange - Winner!

  • Race: Terran Terran
  • League: Silver

Sylar - Winner!

  • Race: Terran Terran

VOD

Have the link to the VOD?

Description

Time

  • Played on: Jan. 9, 2016, 4:29 p.m.
  • Length: 7:58
Show
View Real Time Build Order
Export as new Build Order

Grumm Zerg 

Build Orders: Pool First 

Get SALT Encoding   

  12  0:01  Drone  
  13  0:10  Drone  
  14  0:19  Overlord  
  14  0:34  Spawning Pool  
  13  0:37  Drone  
  14  0:46  Drone x2  
  16  0:54  Drone, Extractor  
  16  1:04  Drone  
  16  1:09  Overlord  
  17  1:24  Queen  
  19  1:27  Extractor  
  18  1:42  Hatchery  
  17  1:53  Drone x3  
  20  2:04  Lair  
  20  2:24  Spine Crawler  
  20  2:28  Zergling x4  
  21  2:33  Overlord  
  21  2:51  Zergling x6  
  23  2:56  Metabolic Boost  
  24  3:07  Hydralisk Den  
  23  3:21  Queen  
  25  3:37  Hydralisk  
  27  3:50  Hydralisk  
  29  4:01  Hydralisk  
  29  4:02  Hydralisk  
  33  4:19  Muscular Augments  
  32  4:34  Hydralisk  
  33  4:57  Drone x5  
  38  5:19  Hydralisk x2  
  39  5:31  Hydralisk x2  
  43  5:38  Evolution Chamber  
  42  5:48  Nydus Network  
  41  6:03  Zergling x2  
  41  6:04  Zergling x6  
  39  6:16  Drone x3  
  42  6:28  Zergling x2  
  42  6:29  Zergling x2  
  44  6:41  Nydus Canal  
  44  7:07  Hydralisk  
  44  7:10  Overlord x2  
  32  7:26  Zergling x4  
Show
View Real Time Build Order
Export as new Build Order

uelee Terran 

Build Orders: Command Center First (CC) 

Get SALT Encoding   

  12  0:02  SCV  
  13  0:14  SCV  
  14  0:23  Supply Depot  
  14  0:27  SCV  
  15  0:44  SCV  
  16  0:56  SCV  
  17  1:08  SCV  
  18  1:14  Command Center  
  18  1:21  SCV  
  19  1:25  Barracks  
  19  1:29  Refinery  
  19  1:33  SCV  
  20  1:42  Supply Depot  
  20  1:46  SCV  
  21  1:58  SCV  
  22  2:10  SCV  
  22  2:13  Barracks Tech Lab  
  23  2:27  Barracks  
  23  2:30  Barracks  
  23  2:31  Barracks  
  23  2:33  SCV  
  23  2:35  SCV  
  25  2:43  Marauder  
  27  2:50  Stimpack  
  27  2:54  Refinery  
  27  2:59  SCV  
  27  3:00  SCV  
  29  3:07  Marauder  
  31  3:19  Marine x2  
  32  3:20  Marine  
  34  3:27  SCV  
  34  3:28  Marine, SCV  
  37  3:38  Barracks Reactor x2  
  37  3:39  Barracks Tech Lab  
  37  3:46  Marauder  
  37  3:48  Engineering Bay  
  39  3:59  Orbital Command  
  39  4:15  Marauder x2  
  39  4:16  Marine x2  
  45  4:21  Marine  
  32  4:49  Marauder x2  
  32  4:50  Marine x2  
  38  5:02  SCV  
  39  5:14  SCV  
  5  6:51  Marine  
  5  6:53  Marine  
  6  6:54  Marine  
  5  7:09  Marine  
  5  7:11  Marine  
  5  7:18  Marine  
  5  7:27  Marine  
  6  7:36  Marine  
Show
View Real Time Build Order
Export as new Build Order

Judorange Terran - Winner!

Build Orders:  

Get SALT Encoding   

  12  0:10  Supply Depot  
  12  0:13  SCV  
  13  0:28  SCV  
  14  0:39  Barracks  
  14  0:41  SCV  
  15  0:53  SCV  
  15  0:57  Refinery  
  16  1:05  SCV  
  17  1:20  Barracks  
  17  1:34  Orbital Command  
  17  1:42  Barracks  
  17  1:51  Marine  
  18  2:01  SCV  
  19  2:05  Supply Depot  
  19  2:08  Barracks Tech Lab  
  19  2:11  Barracks Reactor  
  19  2:13  SCV  
  20  2:45  Barracks Reactor  
  20  2:46  SCV  
  20  2:49  Marine x2  
  23  2:55  Marauder  
  25  3:07  Marine  
  25  3:12  Command Center  
  26  3:19  Marauder  
  28  3:23  Marine x3  
  28  3:26  Stimpack  
  31  3:29  Supply Depot  
  31  3:31  Supply Depot  
  31  3:36  Refinery  
  31  3:41  Supply Depot  
  31  3:49  Supply Depot  
  31  3:51  Marine, SCV  
  31  3:53  Marine  
  34  4:06  Marauder, Marine x2  
  38  4:30  Marine  
  38  4:31  Marine x4  
  38  4:48  Marine x2  
  38  4:51  Marine x3  
  37  5:00  SCV  
  37  5:05  SCV  
  37  5:06  Marine x2  
  41  5:09  Marauder  
  43  5:16  SCV  
  43  5:17  Factory  
  42  5:29  Marine x3  
  42  5:30  Marine  
  42  5:33  SCV  
  47  5:42  Engineering Bay  
  46  5:50  Engineering Bay  
  46  5:56  Marine x3  
  41  6:02  Marine x2  
  36  6:07  SCV  
  35  6:14  Marine x3  
  38  6:19  Marine, SCV  
  40  6:33  Marauder  
  42  6:40  Starport  
  42  6:43  SCV  
  42  6:44  Starport  
  42  6:46  SCV  
  44  6:51  Refinery  
  44  6:54  Marauder  
  44  6:55  SCV  
  47  7:21  Marine x4  
  36  7:36  SCV  
Show
View Real Time Build Order
Export as new Build Order

Sylar Terran - Winner!

Build Orders:  

Get SALT Encoding   

  12  0:01  SCV  
  13  0:13  SCV  
  14  0:17  Supply Depot  
  14  0:25  SCV  
  15  0:39  SCV  
  16  0:48  Barracks  
  16  0:51  SCV  
  17  1:03  SCV  
  18  1:07  Refinery  
  18  1:15  SCV  
  20  1:35  Orbital Command  
  20  1:38  Marine  
  20  1:46  Barracks  
  20  1:47  Supply Depot  
  21  2:01  SCV  
  21  2:07  Barracks Tech Lab  
  21  2:13  SCV  
  22  2:23  Barracks  
  22  2:27  Command Center  
  23  2:34  Marauder, Marine  
  25  2:37  SCV  
  26  2:49  SCV  
  27  3:01  Marine  
  27  3:02  Marauder, SCV  
  27  3:05  Stimpack  
  31  3:09  Bunker  
  31  3:11  Refinery  
  31  3:22  Supply Depot  
  31  3:23  Supply Depot  
  31  3:37  Factory  
  31  3:39  Marine, SCV  
  31  3:40  Engineering Bay  
  33  3:46  Orbital Command  
  33  3:51  SCV  
  34  4:02  Marauder, Marine x2  
  37  4:03  SCV  
  39  4:13  Supply Depot  
  39  4:15  SCV, Terran Infantry Weapons Level 1  
  40  4:20  Marine  
  40  4:23  SCV  
  42  4:27  SCV  
  43  4:35  SCV  
  44  4:48  Marine x2  
  44  4:49  Marauder  
  48  4:57  SCV x2  
  50  5:01  Factory Tech Lab  
  50  5:04  Factory  
  50  5:06  Marine  
  51  5:07  Supply Depot  
  51  5:09  SCV x2  
  51  5:10  Marauder  
  51  5:12  Concussive Shells  
  55  5:19  Refinery  
  55  5:20  Refinery  
  55  5:21  SCV x2  
  55  5:22  Engineering Bay  
  57  5:30  Marine x2  
  57  5:31  Marauder  
  57  5:33  SCV  
  57  5:34  SCV  
  57  5:35  Supply Depot  
  63  5:45  SCV  
  63  5:46  Siege Tank, SCV, Armory  
  63  5:47  Marine  
  63  5:48  Marine  
  63  5:49  Factory Tech Lab  
  70  5:52  Marine  
  61  6:06  Marine x2  
  61  6:11  Marauder  
  65  6:19  SCV  
  65  6:20  SCV  
  65  6:24  Marine x2  
  69  6:27  Siege Tank  
  69  6:30  Hellion  
  69  6:32  Marauder  
  76  6:42  Marine x2  
  78  6:51  Hellion  
  78  6:53  Marauder  
  82  6:59  Siege Tank  
  82  7:00  Marine  
  86  7:01  Marine  
  73  7:14  Marine  
  73  7:17  Marine  
  73  7:18  Siege Tank  
  73  7:19  Marine, SCV x2  
  80  7:31  SCV x2  
  80  7:34  Marauder  
  80  7:35  Marine  
Tags
 
Add a new tag
Caveats
  • Supply blocks, unpowered buildings, or Contaminate may cause inaccurate times.
  • Supply counts are checked every 10 seconds.